 Seeded DCSS version 0.30-a0-949-g53dc5368d7 (webtiles) character file.

Game seed: 18414995932303119131 (custom seed)

26 GigaChad the Shield-Bearer (level 3, -5/29 HPs)
             Began as a Formicid Fighter on Mar 27, 2023.
             Killed from afar by Ijyb (13 damage)
             ... with a bolt of acid
             ... on level 3 of the Dungeon.
             The game lasted 00:01:42 (879 turns).

GigaChad the Shield-Bearer (Formicid Fighter)        Turns: 879, Time: 00:01:43

Health: -5/29      AC:  2    Str: 22    XL:     3   Next: 22%
Magic:  3/3        EV: 14    Int:  7    God:
Gold:   125        SH:  5    Dex: 13    Spells: 2/2 levels left

rFire   . . .      SeeInvis +    a - +0 war axe
rCold   . . .      Faith    .    c - +0 buckler
rNeg    . . .      Spirit   .    b - +0 scale mail
rPois   .          Reflect  .    (helmet unavailable)
rElec   .          Rampage  .    (no cloak)
rCorr   .                        (no gloves)
Will    +....                    (no boots) Stlth
                                 (no amulet)
HPRegen 0.24/turn                p - +5 ring of evasion
MPRegen 0.08/turn                k - ring of willpower

@: corroded
A: permanent stasis, dig shafts and tunnels, antennae 3, four strong arms
a: Dig, Shaft Self


You were on level 3 of the Dungeon.
You visited 1 branch of the dungeon, and saw 3 of its levels.

You collected 125 gold pieces.

Inventory:

Hand Weapons
 a - a +0 war axe (weapon)
Armour
 b - a +0 scale mail (worn)
 c - a +0 buckler (worn)
Jewellery
 k - a ring of willpower (right hand)
 p - a +5 ring of evasion (left hand)
Wands
 o - a wand of flame (13)
Scrolls
 e - 3 scrolls of identify
 f - a scroll of enchant weapon {unknown}
 h - 2 scrolls of teleportation
Potions
 d - 2 potions of might
 g - a potion of flight {unknown}
 i - a potion of invisibility
 j - a potion of mutation {unknown}
 l - a potion of lignification {unknown}
 m - a potion of heal wounds {unknown}


   Skills:
 + Level 3.6 Fighting
 + Level 2.8 Axes
 + Level 3.5 Armour
 + Level 4.2 Shields


You had 2 spell levels left.
You didn't know any spells.
Your spell library was empty.

Dungeon Overview and Level Annotations

Branches:
Dungeon (3/15)

Altars:

Shops:
D:2 =

Annotations:
D:3 Ijyb


Innate Abilities, Weirdness & Mutations

You cannot be hasted, slowed, berserked, paralysed or teleported.
You can dig through walls and to a lower floor.
You have a pair of large antennae on your head. (SInv)
Your four strong arms can wield two-handed weapons with a shield.


Message History

You feel stronger. x2
The hobgoblin hits you.
You slash the hobgoblin!
You kill the hobgoblin!
You now have 113 gold pieces (gained 13).
f - a scroll labelled PIYHIN JYSM You now have 125 gold pieces (gained 12).
j - an amethyst potion Ijyb the Twisted Goblin comes into view.
She is wielding a +0 dagger and carrying a wand of acid (8).
Ijyb shouts!
Ijyb is nearby!
Ijyb is nearby!
Ijyb hits you with a +0 dagger.
You hit Ijyb.
Ijyb is lightly wounded.
You block Ijyb's attack. Ijyb barely misses you.
You hit Ijyb.
Ijyb is moderately wounded.
Ijyb zaps a wand.
The bolt of acid hits you!
You hit Ijyb but do no damage.
Ijyb is moderately wounded.
Ijyb zaps a wand.
The bolt of acid hits you. The acid corrodes you!
You are too injured to fight recklessly!
Unknown command.
You are too injured to fight recklessly!
You are too injured to fight recklessly!
You barely miss Ijyb.
Ijyb is moderately wounded.
Ijyb hits you with a +0 dagger. x2
* * * LOW HITPOINT WARNING * * *
You hit Ijyb.
Ijyb is severely wounded.
Ijyb zaps a wand.
The bolt of acid misses you.
You hit Ijyb but do no damage.
Ijyb is severely wounded.
Ijyb completely misses you. Ijyb barely misses you.
You hit Ijyb but do no damage.
Ijyb is severely wounded.
Ijyb zaps a wand.
The bolt of acid hits you!
You die...

{ ############
##..........##
##########............##
......g@...............#
#########.......<......#
..................#
####..............#
#..............#
##............##
##..........##
############


You could see Ijyb.

Vanquished Creatures
  An adder (D:3)
  2 endoplasms (D:1)
  3 giant cockroaches (D:2)
  2 goblins
  2 hobgoblins
  A kobold (D:1)
  A ball python (D:2)
  A bat (D:2)
  3 rats
16 creatures vanquished.

Notes
Turn   | Place    | Note
-------+----------+-------------------------------------------
     0 | D:1      | GigaChad the Formicid Fighter began the quest for the Orb.
     0 | D:1      | Reached XP level 1. HP: 18/18 MP: 1/1
   232 | D:1      | Reached XP level 2. HP: 20/24 MP: 2/2
   377 | D:1      | You fall into a shaft and drop 1 floor!
   494 | D:2      | Found Anlara's Jewellery Emporium.
   532 | D:2      | Found a faded altar of an unknown god.
   833 | D:3      | Reached XP level 3. HP: 25/29 MP: 3/3
   869 | D:3      | Noticed Ijyb
   879 | D:3      | Killed from afar by Ijyb

Illustrated notes

Levels and vault maps discovered:
D:1:      dpeg_arrival_boxes_within_box, layout_loops_ring
D:2:      layout_rooms, chequers_ecumenical_altar_simple_redux, serial_shops,
          nicolae_square_shop
D:3:      layout_rooms, saegor_snake_ambush, uniq_sigmund, uniq_jessica,
          uniq_ijyb

Action                     || total
---------------------------++-------
  Melee: War axe           ||    46
    Use: Scroll            ||     7
 Armour: Scale mail        ||    26
  Dodge: Dodged            ||    23
  Block: Buckler           ||    12

Table legend: (Time is in decaauts)
 A = Elapsed time spent in this place.
 B = Non-inter-level travel time spent in this place.
 C = Inter-level travel time spent in this place.
 D = Time resting spent in this place.
 E = Time spent auto-exploring this place.
 F = Levels seen in this place.
 G = Mean time per level.
                   A        B        C        D        E       F      G
               +--------+--------+--------+--------+--------+-----+--------+
         Total |    896 |    896 |      0 |     36 |    664 |   3 |  298.7 |
       Dungeon |    896 |    896 |      0 |     36 |    664 |   3 |  298.7 |
               +--------+--------+--------+--------+--------+-----+--------+

Top non-repeatable levels by time:
     D:2: 456 daAuts
     D:1: 383 daAuts
     D:3: 56 daAuts
